Map: Romanticide LE

Players

Nice

  • Race: Protoss Protoss
  • League: Grandmaster
  • Spawn Location: 11:00

Has - Winner!

  • Race: Protoss Protoss
  • Spawn Location: 5:00

Event: DreamHack SC2 Masters 2020 Winter

VOD

Have the link to the VOD?

Description

Time

  • Played on: Oct. 25, 2020, 10:49 a.m.
  • Length: 18:47

All games in this series

Show
View Real Time Build Order
Export as new Build Order

Nice Protoss 

Build Orders:  

Get SALT Encoding   

  12  0:00  Probe  
  13  0:12  Probe  
  14  0:18  Pylon  
  14  0:24  Probe  
  15  0:36  Probe (Chrono Boost)  
  15  0:38  Gateway  
  16  0:47  Assimilator, Probe (Chrono Boost)  
  17  0:52  Probe (Chrono Boost)  
  17  0:55  Assimilator  
  18  1:03  Probe (Chrono Boost)  
  19  1:09  Gateway  
  19  1:14  Probe (Chrono Boost)  
  20  1:18  Probe (Chrono Boost)  
  21  1:26  Cybernetics Core  
  21  1:29  Probe  
  22  1:37  Pylon  
  22  1:41  Probe  
  23  1:55  Probe  
  24  2:03  Stalker  
  24  2:04  Warp Gate, Sentry  
  24  2:07  Probe  
  29  2:13  Pylon  
  29  2:23  Pylon  
  29  2:30  Stalker  
  29  2:33  Stalker  
  33  2:52  Nexus  
  33  3:00  Shield Battery  
  33  3:05  Sentry x2  
  37  3:11  Shield Battery  
  37  3:17  Pylon  
  37  3:21  Probe  
  38  3:32  Shield Battery  
  38  3:33  Probe (Chrono Boost)  
  39  3:43  Probe (Chrono Boost)  
  39  3:48  Probe (Chrono Boost)  
  41  3:56  Adept x2  
  41  3:59  Probe (Chrono Boost)  
  46  4:07  Probe (Chrono Boost)  
  48  4:10  Probe (Chrono Boost)  
  48  4:15  Probe (Chrono Boost)  
  48  4:16  Stalker  
  48  4:17  Probe (Chrono Boost)  
  52  4:20  Shield Battery, Probe (Chrono Boost)  
  53  4:26  Stalker  
  53  4:29  Probe  
  53  4:32  Probe  
  54  4:41  Probe  
  54  4:44  Probe  
  54  4:45  Forge  
  51  4:55  Stalker  
  51  4:56  Probe (Chrono Boost)  
  51  4:58  Probe (Chrono Boost)  
  55  5:01  Twilight Council  
  55  5:05  Probe (Chrono Boost)  
  57  5:08  Probe (Chrono Boost)  
  57  5:10  Pylon, Probe (Chrono Boost)  
  57  5:13  Stalker  
  60  5:17  Protoss Ground Weapons Level 1, Probe  
  61  5:22  Probe  
  61  5:26  Assimilator  
  62  5:29  Probe  
  62  5:32  Pylon  
  62  5:34  Blink (Chrono Boost)  
  64  5:37  Stalker, Pylon  
  64  5:38  Stalker  
  64  5:41  Probe  
  67  6:01  Nexus  
  67  6:03  Probe x2  
  66  6:12  Robotics Facility  
  66  6:14  Gateway  
  66  6:15  Gateway  
  66  6:25  Stalker  
  66  6:26  Stalker  
  66  6:32  Gateway  
  70  6:41  Pylon  
  70  6:42  Gateway  
  70  6:46  Photon Cannon, Pylon  
  70  6:50  Shield Battery  
  70  6:51  Sentry  
  70  6:52  Sentry  
  74  7:00  Observer (Chrono Boost)  
  75  7:05  Photon Cannon  
  75  7:10  Shield Battery  
  75  7:14  Stalker x3  
  81  7:20  Stalker  
  83  7:26  Immortal (Chrono Boost)  
  87  7:30  Probe  
  87  7:32  Probe  
  87  7:33  Probe  
  87  7:35  Protoss Ground Weapons Level 2 (Chrono Boost)  
  90  7:42  Charge  
  90  7:43  Probe  
  91  7:45  Probe  
  91  7:47  Probe  
  93  7:55  Probe  
  93  7:57  Probe, Immortal (Chrono Boost)  
  95  7:59  Probe  
  95  8:05  Gateway  
  100  8:08  Gateway  
  100  8:09  Probe  
  100  8:11  Probe  
  103  8:12  Probe  
  103  8:15  Observer  
  103  8:26  Warp Prism (Chrono Boost)  
  106  8:28  Stalker x2  
  109  8:37  Stalker x2  
  109  8:38  Stalker  
  109  8:40  Pylon  
  115  8:47  Stalker  
  117  8:52  Photon Cannon  
  117  8:55  Pylon  
  115  9:03  Stalker  
  115  9:04  Stalker  
  115  9:07  Probe  
  120  9:15  Probe  
  112  9:18  Probe  
  112  9:20  Probe  
  112  9:22  Stargate  
  114  9:24  Stargate  
  114  9:30  Assimilator x2, Immortal (Chrono Boost)  
  116  9:32  Assimilator  
  116  9:37  Zealot x6  
  128  9:46  Pylon  
  128  9:48  Pylon  
  128  9:51  Pylon  
  128  9:53  Pylon  
  128  9:57  Robotics Bay  
  128  10:00  Immortal (Chrono Boost)  
  128  10:06  Phoenix x2 (Chrono Boost)  
  136  10:18  Robotics Facility  
  136  10:21  Probe  
  136  10:25  Phoenix (Chrono Boost)  
  136  10:26  Phoenix (Chrono Boost)  
  141  10:38  Protoss Ground Weapons Level 3  
  141  10:43  Pylon  
  141  10:48  Nexus  
  141  10:50  Pylon  
  141  10:53  Phoenix (Chrono Boost)  
  145  11:00  Phoenix (Chrono Boost)  
  145  11:03  Probe x3  
  146  11:06  Phoenix (Chrono Boost)  
  150  11:15  Probe x3  
  150  11:16  Photon Cannon  
  150  11:17  Shield Battery  
  153  11:18  Disruptor x2  
  153  11:19  Phoenix (Chrono Boost)  
  153  11:23  Phoenix (Chrono Boost)  
  157  11:27  Probe x2  
  159  11:33  Assimilator  
  159  11:35  Assimilator  
  159  11:39  Phoenix (Chrono Boost)  
  161  11:40  Phoenix (Chrono Boost)  
  161  11:56  Zealot  
  161  11:57  Zealot x4  
  161  12:00  Phoenix (Chrono Boost)  
  167  12:01  Colossus  
  167  12:02  Probe x2  
  167  12:06  Phoenix (Chrono Boost)  
  168  12:18  Probe x4  
  172  12:23  Pylon  
  172  12:26  Phoenix x2 (Chrono Boost)  
  172  12:28  Disruptor  
  179  12:30  Probe x2  
  179  12:36  Probe  
  179  12:37  Probe  
  183  12:42  Probe x2  
  185  12:44  Phoenix (Chrono Boost)  
  185  12:47  Phoenix (Chrono Boost)  
  189  12:53  Templar Archives  
  189  13:05  Disruptor  
  195  13:06  Phoenix  
  195  13:07  Disruptor  
  195  13:11  Phoenix  
  189  13:28  Zealot x5  
  181  13:44  Zealot x3  
  181  13:48  Phoenix x2  
  126  14:09  Fleet Beacon  
  126  14:10  Disruptor x2  
  126  14:11  Stargate, Probe  
  126  14:12  Probe x2  
  126  14:13  Phoenix x2  
  139  14:17  High Templar x3  
  139  14:18  High Templar  
  139  14:22  Archon x2  
  147  14:36  Protoss Shields Level 1 (Chrono Boost)  
  147  14:38  Protoss Air Weapons Level 1 (Chrono Boost)  
  147  14:41  Probe  
  148  14:46  Disruptor x2  
  148  14:52  Tempest x2 (Chrono Boost)  
  160  15:05  Tempest (Chrono Boost)  
  159  15:16  Nexus  
  159  15:18  Pylon  
  159  15:26  Tempest x2  
  170  15:28  Observer  
  170  15:29  Observer  
  171  15:37  Shield Battery  
  171  15:40  Shield Battery  
  171  15:42  Shield Battery  
  157  16:03  Stalker x6  
  157  16:04  Stalker x2  
  168  16:06  Tempest (Chrono Boost)  
  168  16:07  Disruptor (Chrono Boost)  
  159  16:27  Tempest (Chrono Boost)  
  162  16:36  Zealot x8  
  162  16:37  Tempest (Chrono Boost)  
  175  16:42  Disruptor (Chrono Boost), Observer (Chrono Boost)  
  179  16:50  Oracle  
  182  17:00  Assimilator, Zealot x3  
  182  17:01  Assimilator  
  164  17:16  High Templar x2  
  164  17:18  Shield Battery  
  164  17:20  Pylon, Shield Battery  
  164  17:22  Archon  
  152  17:38  Nexus  
  152  17:40  Pylon  
  113  17:44  Stalker x5  
  113  17:45  Stalker  
  104  18:03  Stalker x2  
  104  18:09  Stalker x6  
Show
View Real Time Build Order
Export as new Build Order

Has Protoss - Winner!

Build Orders: Oracle Opening, Carriers 

Get SALT Encoding   

  12  0:00  Probe  
  13  0:12  Probe  
  14  0:17  Pylon  
  14  0:24  Probe (Chrono Boost)  
  16  0:37  Gateway, Probe (Chrono Boost)  
  16  0:42  Probe (Chrono Boost)  
  16  0:46  Assimilator  
  17  0:50  Assimilator  
  17  0:53  Probe  
  18  1:04  Gateway  
  18  1:06  Probe (Chrono Boost)  
  20  1:18  Probe (Chrono Boost)  
  20  1:23  Probe (Chrono Boost)  
  21  1:25  Cybernetics Core  
  21  1:32  Probe  
  21  1:34  Pylon  
  22  1:45  Probe  
  23  1:57  Probe  
  24  2:01  Stalker  
  24  2:02  Stalker, Warp Gate  
  28  2:09  Probe  
  28  2:14  Pylon  
  29  2:31  Stargate  
  29  2:39  Stalker  
  33  3:03  Nexus  
  33  3:08  Probe  
  33  3:11  Oracle (Chrono Boost)  
  35  3:20  Pylon, Probe  
  36  3:30  Shield Battery  
  36  3:32  Probe  
  37  3:38  Oracle (Chrono Boost)  
  37  3:44  Probe  
  41  3:50  Adept x2  
  45  3:56  Probe  
  46  4:07  Twilight Council  
  46  4:08  Probe (Chrono Boost)  
  47  4:18  Probe (Chrono Boost)  
  47  4:21  Probe (Chrono Boost)  
  49  4:27  Probe x2 (Chrono Boost)  
  47  4:35  Probe  
  46  4:38  Stalker  
  46  4:39  Stalker  
  46  4:40  Probe  
  47  4:47  Probe  
  47  4:51  Blink (Chrono Boost)  
  47  4:52  Probe  
  49  4:59  Probe  
  50  5:04  Probe  
  51  5:08  Assimilator  
  51  5:11  Forge  
  51  5:14  Probe (Chrono Boost)  
  52  5:16  Adept x2  
  52  5:17  Probe (Chrono Boost)  
  57  5:25  Gateway  
  57  5:27  Probe (Chrono Boost)  
  57  5:28  Probe (Chrono Boost)  
  59  5:31  Probe (Chrono Boost)  
  59  5:34  Pylon  
  61  5:35  Probe  
  61  5:38  Assimilator  
  61  5:43  Probe  
  61  5:45  Gateway  
  62  5:51  Pylon  
  62  5:52  Probe  
  63  6:02  Protoss Ground Weapons Level 1 (Chrono Boost)  
  61  6:06  Stalker x2  
  63  6:12  Probe x2  
  65  6:20  Stalker  
  65  6:24  Probe x2  
  69  6:31  Pylon, Nexus  
  69  6:32  Stalker  
  69  6:33  Stalker  
  69  6:36  Probe  
  74  6:41  Sentry  
  74  6:42  Probe  
  74  6:45  Pylon  
  77  6:47  Robotics Facility  
  77  6:54  Shield Battery  
  77  6:55  Probe  
  77  6:57  Pylon  
  77  7:00  Probe  
  79  7:07  Probe  
  79  7:08  Gateway x2  
  80  7:13  Sentry  
  82  7:18  Probe  
  82  7:22  Pylon  
  83  7:24  Probe  
  83  7:25  Pylon  
  84  7:34  Immortal (Chrono Boost)  
  88  7:39  Robotics Bay  
  88  7:42  Gateway  
  88  7:49  Probe x3  
  91  7:55  Robotics Facility  
  91  8:01  Probe  
  91  8:04  Probe  
  91  8:05  Probe  
  94  8:06  Assimilator, Protoss Ground Weapons Level 2 (Chrono Boost)  
  94  8:07  Assimilator, Photon Cannon  
  94  8:13  Probe  
  94  8:18  Probe  
  96  8:21  Probe  
  96  8:24  Phoenix, Stargate, Immortal (Chrono Boost)  
  96  8:26  Probe  
  104  8:30  Photon Cannon  
  104  8:32  Photon Cannon  
  104  8:43  Disruptor (Chrono Boost)  
  107  9:00  Colossus (Chrono Boost)  
  113  9:08  Stalker x7, Immortal (Chrono Boost)  
  124  9:24  Pylon  
  124  9:27  Pylon  
  124  9:32  Pylon  
  124  9:35  Pylon, Shield Battery  
  124  9:41  Phoenix (Chrono Boost)  
  124  9:42  Colossus (Chrono Boost)  
  124  9:44  Photon Cannon  
  132  9:49  Probe x2  
  132  9:50  Probe  
  135  9:53  Pylon  
  135  9:59  Phoenix (Chrono Boost)  
  135  10:04  Stargate  
  137  10:10  Probe  
  137  10:11  Probe x2  
  137  10:12  Nexus  
  140  10:15  Pylon  
  140  10:24  Colossus (Chrono Boost)  
  143  10:31  Phoenix  
  143  10:32  Phoenix  
  153  10:38  Colossus (Chrono Boost)  
  153  10:40  Shield Battery  
  153  10:41  Protoss Ground Weapons Level 3 (Chrono Boost), Probe x2  
  153  10:42  Photon Cannon  
  155  10:59  Phoenix x2 (Chrono Boost)  
  161  11:06  Phoenix (Chrono Boost)  
  161  11:08  Extended Thermal Lance  
  161  11:14  Pylon  
  161  11:16  Pylon  
  161  11:18  Colossus (Chrono Boost)  
  167  11:24  Pylon  
  167  11:25  Phoenix x2  
  167  11:32  Observer (Chrono Boost)  
  172  11:42  Fleet Beacon  
  172  11:49  Protoss Air Weapons Level 1 (Chrono Boost)  
  164  12:02  Phoenix (Chrono Boost)  
  164  12:07  Colossus  
  172  12:09  Phoenix x2 (Chrono Boost)  
  168  12:21  Probe x4  
  170  12:26  Assimilator  
  170  12:28  Assimilator  
  172  12:33  Probe  
  179  12:37  Carrier x2 (Chrono Boost)  
  179  12:38  Photon Cannon  
  179  12:40  Photon Cannon  
  179  12:45  Probe x4  
  179  12:49  Carrier (Chrono Boost)  
  188  13:06  Mothership (Chrono Boost)  
  188  13:08  Probe (Chrono Boost)  
  188  13:12  Photon Cannon  
  196  13:13  Shield Battery  
  182  13:33  Zealot x6  
  181  13:50  Zealot  
  181  13:54  Zealot x3  
  181  13:55  Zealot x2  
  173  14:01  Carrier (Chrono Boost)  
  163  14:07  Carrier x2 (Chrono Boost)  
  181  14:12  Pylon  
  181  14:14  Pylon  
  181  14:21  Stalker x3  
  187  14:26  Pylon  
  187  14:52  Carrier (Chrono Boost)  
  200  15:05  Protoss Air Weapons Level 2 (Chrono Boost), Carrier x2 (Chrono Boost)  
  200  15:24  Nexus  
  200  15:27  Pylon  
  167  16:01  Carrier (Chrono Boost)  
  167  16:02  Carrier x2 (Chrono Boost)  
  185  16:12  Stalker x6  
  185  16:17  Unknown  
  167  16:37  Stalker x6  
  179  16:47  Probe  
  180  16:52  Probe  
  181  17:16  Photon Cannon  
  181  17:18  Photon Cannon  
  181  17:20  Photon Cannon  
  181  17:21  Photon Cannon  
  181  17:22  Carrier  
  187  17:24  Shield Battery  
Tags
 
Add a new tag
Caveats
  • Supply blocks, unpowered buildings, or Contaminate may cause inaccurate times.
  • Supply counts are checked every 10 seconds.